 Dungeon Crawl Stone Soup version 0.15-a0-1269-g8ca96ae (webtiles) character file.

5756 Quh the Archer (level 10, -1/73 HPs)
             Began as a Demonspawn Hunter on June 5, 2014.
             Was a Priest of Makhleb.
             Slain by a killer bee (5 damage)
             ... on Level 8 of the Dungeon.
             The game lasted 01:20:11 (12368 turns).

Quh the Archer (Demonspawn Hunter)                 Turns: 12368, Time: 01:20:11

HP  -1/73        AC 12     Str 15      XL: 10   Next: 49%
MP  18/18        EV  8     Int 13      God: Makhleb [***...]
Gold 523         SH  0     Dex 14      Spells:  0 memorised,  9 levels left

rFire  x . .     SeeInvis .     b - +1,+2 shortbow
rCold  + + .     Clarity  .     j - +3 scale mail {rC+}
rNeg   . . .     rCorr    .     (no shield)
rPois  .         rRot     .     (no helmet)
rElec  .         Spirit   .     C - +0 cloak
SustAb .         Warding  .     U - +0 pair of gloves
rMut   .         Rnd*Tele +     (no boots)
Gourm  .                        (no amulet)
MR     .....                    L - ring of ice
                                X - ring of teleportation

@: lethally poisoned, about to teleport, not resistant to hostile enchantments,
extremely unstealthy
A: hooves 1, rugged brown scales 1, demonic guardian 1, spiny 1
a: Minor Destruction, Lesser Servant of Makhleb, Renounce Religion, Evoke
Teleportation


You were on level 8 of the Dungeon.
You worshipped Makhleb.
Makhleb was most pleased with you.
You were hungry.

You visited 2 branches of the dungeon, and saw 9 of its levels.
You also visited: Ossuary.

You collected 523 gold pieces.

Inventory:

Hand weapons
 a - a +0,+2 dagger of venom
 b - a +1,+2 shortbow (weapon)
 E - a +1,+1 mace of protection
 M - a +4,+2 dagger of speed
 P - a +2,+2 shortbow
 W - a +4,+2 spear of dragon slaying
Missiles
 c - 97 arrows (quivered)
 h - 6 silver javelins
 t - 5 steel javelins
 R - 18 arrows of flame
Armour
 i - a +0 cloak
 j - a +3 scale mail of cold resistance (worn)
 p - a +0 pair of gloves
 x - a +1 robe of magic resistance
 C - a +0 cloak (worn)
 U - a +0 pair of gloves (worn)
Magical devices
 r - a wand of digging (17)
 u - a wand of digging (20)
 w - a wand of teleportation (5)
 A - a wand of fireball (3) {unknown}
 Y - a wand of polymorph (14) {unknown}
Comestibles
 d - a rotting chunk of orc flesh
 f - 4 bread rations
 z - 7 fruits
 I - a beef jerky
 Z - a meat ration
Scrolls
 e - 2 scrolls of fog
 g - 3 scrolls of recharging
 o - 3 scrolls of identify
 v - 4 scrolls of amnesia
 B - 6 scrolls of enchant weapon II
 G - 4 scrolls of fear
 J - 3 scrolls of enchant weapon I
 Q - 2 scrolls of blinking {unknown}
 S - 3 scrolls of remove curse
Jewellery
 l - an uncursed amulet of faith
 q - an uncursed amulet of rage
 D - a cursed ring of magical power
 L - a ring of ice (right hand)
 O - an uncursed amulet of stasis
 X - a ring of teleportation (left hand)
Potions
 k - a potion of brilliance
 n - 6 potions of curing
 s - a potion of agility
 F - a potion of might
 H - 3 potions of restore abilities
 K - 4 potions of heal wounds
 N - a potion of haste
 T - 2 potions of magic
Miscellaneous
 m - a plain deck of changes


   Skills:
 + Level 3.9 Fighting
 * Level 4.4 Short Blades
 * Level 12.0 Bows
 - Level 1.7 Dodging
 - Level 0.8 Stealth
 * Level 5.3 Invocations
 * Level 5.5 Evocations


You had 9 spell levels left.
You didn't know any spells.

Dungeon Overview and Level Annotations

Branches:
Dungeon (8/15)             Temple (1/1) D:6            Lair (0/8) D:8

Altars:
Ashenzari
Cheibriados
Dithmenos
Elyvilon
Fedhas
Gozag
Kikubaaqudgha
Makhleb
Nemelex Xobeh
Okawaru
Qazlal
Sif Muna
Trog
Vehumet
Xom
Yredelemnul
Zin
The Shining One


Innate Abilities, Weirdness & Mutations

You have large cloven feet.
You are partially covered in rugged brown scales (AC +1, +3% HP).
A weak demonic guardian rushes to your aid.
You are partially covered in sharp spines.


Message History

Something hits you.
* * * LOW HITPOINT WARNING * * *
Something hits you but does no damage.
The killer bee stings you but does no damage.
The killer bee stings you.
* * * LOW HITPOINT WARNING * * *
You are poisoned.
The killer bee poisons you! The killer bee stings you.
* * * LOW HITPOINT WARNING * * *
The killer bee closely misses your white imp.
Something hits you but does no damage.
Your white imp completely misses the killer bee.
The killer bee closely misses you.
Read which item? (? for menu, Esc to quit)
As you read the scroll of teleportation, it crumbles to dust.
You feel strangely unstable.
You feel sick. Something hits you.
* * * LOW HITPOINT WARNING * * *
The killer bee barely misses you. The killer bee stings your white imp.
The killer bee stings you.
You die...

#..# #...# #.... #..#
#...# #.... #..# ###...#
#.... #... .......# #....
... ........# #....
........# #.... ....yy..#
#....
..%...5.y############....
.......y@................
#########################


You could see 4 killer bees and a friendly white imp.

Vanquished Creatures
  A hill giant (D:8)
  Pikel (D:5)
  A griffon (D:8)
  A harpy (shapeshifter) (D:8)
  A cyclops (D:8)
  The ghost of mickemicke the Basher, an experienced GrFi (D:5)
  A hill giant zombie (D:3)
  A hippogriff (D:8)
  A slave (D:5)
  A phantom (D:4)
  An ice beast (D:6)
  2 orc warriors (D:8)
  A sky beast (D:7)
  A black bear (D:7)
  6 ogres
  Sigmund (D:2)
  A big kobold (D:7)
  2 gnoll sergeants
  3 giant frogs
  A scorpion (D:7)
  3 crimson imps
  A giant frog zombie (D:8)
  4 hounds
  A quasit (D:6)
  A goliath beetle (D:7)
  A yellow wasp zombie (D:7)
  A centaur zombie (D:7)
  A jelly (D:8)
  4 orc wizards
  Crazy Yiuf (D:2)
  12 worker ants
  4 orc priests
  4 iguanas (D:7)
  A killer bee zombie (D:8)
  An ogre skeleton (D:4)
  A hound zombie (D:5)
  2 mummies (Ossuary)
  4 gnolls
  4 shadow imps
  7 adders
  2 worms
  An adder zombie (D:7)
  An iguana skeleton (D:8)
  An ooze (D:5)
  31 orcs
  15 bats
  A bat zombie (D:8)
  6 gnoll skeletons (Ossuary)
  11 goblins
  15 hobgoblins
  5 jackals
  2 quokkas
  2 giant cockroaches (D:3)
  4 giant geckos
  6 giant newts
  5 gnoll zombies (Ossuary)
  A goblin skeleton (Ossuary)
  A goblin zombie (Ossuary)
  3 hobgoblin skeletons (Ossuary)
  3 hobgoblin zombies (Ossuary)
  17 kobolds
  A kobold skeleton (Ossuary)
  A kobold zombie (Ossuary)
  3 orc skeletons
  18 rats
  A rat skeleton (Ossuary)
  3 rat zombies (Ossuary)
  A ballistomycete (D:6)
248 creatures vanquished.

Vanquished Creatures (collateral kills)
  Grinder (D:6)
  A hill giant zombie (D:8)
  Edmund (D:5)
  2 giant frogs
  A worker ant (D:5)
  A gnoll (D:7)
  A shadow imp (D:8)
  A giant newt (D:2)
  2 rats
11 creatures vanquished.

Vanquished Creatures (others)
  A wizard (D:4)
  Menkaure (Ossuary)
  5 crimson imps
  9 quasits
  4 iron imps
  A mummy (Ossuary)
  8 white imps
  4 ufetubi
  An orc (D:5)
  2 goblins (D:5)
  A kobold (D:5)
  A giant spore (D:6)
  2 gnoll skeletons (Ossuary)
  A gnoll zombie (Ossuary)
  2 goblin skeletons (Ossuary)
  3 goblin zombies (Ossuary)
  A hobgoblin skeleton (Ossuary)
  4 hobgoblin zombies (Ossuary)
  3 kobold skeletons
  2 kobold zombies (Ossuary)
  3 orc skeletons (Ossuary)
  An orc zombie (D:6)
  2 rat skeletons (Ossuary)
  2 rat zombies (Ossuary)
64 creatures vanquished.

Grand Total: 323 creatures vanquished

Notes
Turn   | Place    | Note
--------------------------------------------------------------
     0 | D:1      | Quh, the Demonspawn Hunter, began the quest for the Orb.
     0 | D:1      | Reached XP level 1. HP: 15/15 MP: 1/1
   346 | D:1      | Reached skill level 4 in Bows
   359 | D:1      | Gained mutation: You are partially covered in rugged brown scales (AC +1, +3% HP). [demonic ancestry]
   359 | D:1      | Reached XP level 2. HP: 6/21 MP: 2/2
  1370 | D:2      | Noticed Sigmund
  1838 | D:2      | Gained mutation: A weak demonic guardian rushes to your aid. [demonic ancestry]
  1838 | D:2      | Reached XP level 3. HP: 26/26 MP: 3/3
  2038 | D:2      | Killed Sigmund
  2038 | D:2      | Reached skill level 5 in Bows
  2038 | D:2      | Reached XP level 4. HP: 22/32 MP: 4/4
  2145 | D:2      | Found an ancient bone altar of Kikubaaqudgha.
  2405 | D:2      | Noticed Crazy Yiuf
  2416 | D:2      | Killed Crazy Yiuf
  2621 | D:3      | Gained mutation: You have large cloven feet. [demonic ancestry]
  2621 | D:3      | Reached XP level 5. HP: 36/38 MP: 5/5
  2911 | D:3      | Noticed a hill giant zombie
  2975 | D:3      | Killed a hill giant zombie
  2975 | D:3      | Reached skill level 6 in Bows
  2975 | D:3      | Reached XP level 6. HP: 35/44 MP: 6/6
  3645 | D:4      | Found a bloodstained altar of Trog.
  3646 | D:4      | Noticed a wizard
  3651 | D:4      | Killed a wizard
  3745 | D:4      | Reached skill level 7 in Bows
  4002 | D:4      | Gained mutation: You are partially covered in sharp spines. [demonic ancestry]
  4002 | D:4      | Reached XP level 7. HP: 33/49 MP: 7/7
  4206 | D:4      | Found a burning altar of Makhleb.
  4555 | D:4      | Reached skill level 8 in Bows
  5221 | D:5      | Entered Level 5 of the Dungeon
  5226 | D:5      | Noticed Edmund
  5250 | D:5      | Killed Edmund
  5361 | D:5      | Noticed mickemicke's ghost (experienced GrFi)
  5523 | D:5      | Reached skill level 9 in Bows
  5746 | D:5      | Noticed Pikel
  5766 | D:5      | Killed Pikel
  5766 | D:5      | Reached skill level 10 in Bows
  5766 | D:5      | Reached XP level 8. HP: 49/55 MP: 8/8
  5984 | D:5      | Killed mickemicke's ghost
  6701 | D:5      | Found a shimmering altar of Xom.
  6913 | D:6      | Reached skill level 11 in Bows
  7212 | D:6      | Reached skill level 1 in Evocations
  7212 | D:6      | Reached XP level 9. HP: 60/60 MP: 8/10
  7244 | D:6      | Reached skill level 1 in Short Blades
  7252 | D:6      | Found a staircase to the Ecumenical Temple.
  7261 | Temple   | Entered the Ecumenical Temple
  7640 | D:4      | Became a worshipper of Makhleb the Destroyer
  7754 | D:6      | Noticed Grinder
  7768 | D:6      | Killed Grinder
  8103 | D:7      | Found a sparkling altar of Nemelex Xobeh.
  8350 | D:7      | Found a sand-covered staircase.
  8597 | Ossuary  | Entered an ossuary
  8630 | Ossuary  | Acquired Makhleb's first power
  8890 | Ossuary  | Killed Menkaure
  9082 | D:7      | Reached skill level 1 in Invocations
  9361 | D:7      | Acquired Makhleb's second power
 10489 | D:8      | Acquired Makhleb's third power
 10567 | D:8      | Found an iron altar of Okawaru.
 10594 | D:8      | Found a shadowy altar of Dithmenos.
 10694 | D:8      | Noticed a hill giant
 10723 | D:8      | Killed a hill giant
 10807 | D:8      | Noticed a harpy
 10821 | D:8      | Killed a harpy
 10821 | D:8      | Reached XP level 10. HP: 43/72 MP: 17/17
 11024 | D:8      | Noticed a griffon
 11040 | D:8      | Killed a griffon
 11293 | D:8      | Noticed a cyclops
 11319 | D:8      | Reached skill level 5 in Evocations
 11347 | D:8      | Killed a cyclops
 11416 | D:8      | Reached skill level 12 in Bows
 11416 | D:8      | Reached skill level 5 in Invocations
 11752 | D:8      | Found a staircase to the Lair.
 12099 | D:8      | Acquired Makhleb's fourth power
 12368 | D:8      | Slain by a killer bee

Action                   |  1- 3 |  4- 6 |  7- 9 | 10-12 || total
-------------------------+-------+-------+-------+-------++-------
Melee: Short sword       |   115 |    73 |    69 |       ||   257
       Dagger            |       |       |   307 |    48 ||   355
       Shortbow          |       |       |       |     3 ||     3
 Fire: Shortbow          |    23 |    87 |   328 |   123 ||   561
Throw: Javelin           |     2 |       |     3 |       ||     5
Evoke: Wand              |     1 |       |     2 |       ||     3
  Use: Scroll            |     2 |     5 |    11 |     8 ||    26
       Potion            |       |       |       |     1 ||     1
 Stab: Distracted        |       |       |     1 |       ||     1
